 Dungeon Crawl Stone Soup version 0.28.0-43-g3370ac3207 (webtiles) character file.

Game seed: 3750023828061430658

39 FuzzyBison the Charlatan (level 3, 0/28 HPs)
             Began as a Draconian Artificer on Mar 27, 2022.
             Slain by a goblin
             ... wielding a +1 dagger of freezing
             ... led by Robin
              (2 damage)
             ... on level 2 of the Dungeon.
             The game lasted 00:07:35 (1299 turns).

FuzzyBison the Charlatan (Draconian Artificer)      Turns: 1299, Time: 00:07:36

Health: 0/28       AC:  5    Str: 16    XL:     3   Next: 28%
Magic:  4/4        EV: 12    Int: 11    God:
Gold:   28         SH:  0    Dex: 11    Spells: 4/4 levels left

rFire   . . .      SeeInvis .   j - +0 mace (vorpal)
rCold   . . .      Faith    .   (no shield)
rNeg    . . .      Spirit   .   (armour unavailable)
rPois   .          Reflect  .   (helmet restricted)
rElec   .          Harm     .   (no cloak)
rCorr   .          Rampage  .   (no gloves)
Will    .....                   (no boots)
Stlth   ++........              p - amulet of magic regeneration
HPRegen 0.09/turn               (no ring)
MPRegen 0.49/turn               (no ring)

@: no status effects
A: AC +5, unfitting armour, cold-blooded
a: no special abilities


You were on level 2 of the Dungeon.
You visited 1 branch of the dungeon, and saw 2 of its levels.

You collected 28 gold pieces.

Inventory:

Hand Weapons
 a - a +0 club
 g - a +0 hand axe
 j - a +0 vorpal mace (weapon)
 q - a +0 dagger of venom
Missiles
 i - 41 stones
Jewellery
 o - an amulet of guardian spirit
 p - an amulet of magic regeneration (around neck)
Wands
 b - a wand of flame (13) (quivered)
 c - a wand of charming (14)
Scrolls
 h - 2 scrolls of identify {unknown}
 k - 2 scrolls of teleportation {unknown}
 l - 2 scrolls of fear {unknown}
 m - a scroll of vulnerability {unknown}
 n - a scroll of blinking {unknown}
Potions
 e - 2 potions of degeneration {unknown}
 f - a potion of berserk rage {unknown}
Miscellaneous
 d - a piece from Xom's chessboard (15/15)


   Skills:
 + Level 1.5 Fighting
 * Level 1.1 Maces & Flails
 + Level 2.3 Dodging
 + Level 1.4 Stealth
 * Level 1.2 Spellcasting
 + Level 3.1 Evocations


You had 4 spell levels left.
You didn't know any spells.
Your spell library was empty.

Dungeon Overview and Level Annotations

Branches:
Dungeon (2/15)

Altars:

Annotations:
D:2 Robin


Innate Abilities, Weirdness & Mutations

Your plain brown scales are hard. (AC +5)
You cannot fit into any form of body armour.
You are cold-blooded and may be slowed by cold attacks.


Message History

Your goblin closely misses the goblin.
The goblin hits your goblin with a +0 dagger.
Your goblin dies!
The goblin shouts!
You hit the goblin.
You kill the goblin!
The kobold throws a stone.
The stone misses you. The kobold barely misses you.
Robin throws the goblin at you!
Items here: ( )))))))) ††.
You sock the kobold!
You kill the kobold!
The goblin closely misses you. The hobgoblin hits you.
The goblin hits you with a +0 club.
You closely miss the hobgoblin. The goblin hits you but does no damage.
The hobgoblin misses you.
Unknown command.
You hit the goblin.
You kill the goblin!
The hobgoblin hits you.
You sock the hobgoblin!
You kill the hobgoblin!
The goblin no longer looks unusually strong.
Robin throws the goblin at you! The goblin barely misses you.
Robin roars a battlecry!
The goblin goes into a battle-frenzy!
The goblin closely misses you.
You hit the goblin.
Your tail-slap misses the goblin.
The goblin is heavily wounded.
The goblin closely misses you. x2; The goblin hits you but does no damage.
You hit the goblin.
You kill the goblin!
The goblin hits you with a +1 dagger of freezing.
* * * LOW HITPOINT WARNING * * *
You feel yourself slow down. The goblin freezes you.
* * * LOW HITPOINT WARNING * * *
You hit the goblin but do no damage.
You tail-slap the goblin, but do no damage.
You feel yourself speed up.
The goblin hits you with a +1 dagger of freezing.
You die...

..## # #.#### #.
#....# #.###.##.#
#...###.####
##.#.......#
########.#.##<##.#
.........#.##.##)#
.#########.##.##@#
.# .##.##g# .#
.##.##g# .#
.....#.# .# #..#.#
.# #.# .# ... ##
...


You could see Robin and a goblin (strong).

Vanquished Creatures
  A dart slug (D:2)
  An endoplasm (D:1)
  9 goblins
  2 hobgoblins
  2 jackals (D:2)
  A ball python (D:1)
  A bat (D:2)
  2 frilled lizards
  7 kobolds
  7 rats
33 creatures vanquished.

Vanquished Creatures (collateral kills)
  A goblin (D:2)
  A hobgoblin (D:2)
2 creatures vanquished.

Vanquished Creatures (others)
  A goblin (D:2)
  13 plants (D:2)
14 creatures vanquished.

Grand Total: 49 creatures vanquished

Notes
Turn   | Place    | Note
-------+----------+-------------------------------------------
     0 | D:1      | FuzzyBison the Draconian Artificer began the quest for the
                  | Orb.
     0 | D:1      | Reached XP level 1. HP: 16/16 MP: 1/1
    68 | D:1      | Reached skill level 1 in Stealth
   262 | D:1      | Found a faded altar of an unknown god.
   405 | D:1      | Reached XP level 2. HP: 16/23 MP: 2/2
  1265 | D:2      | Noticed Robin
  1269 | D:2      | Reached skill level 1 in Maces & Flails
  1270 | D:2      | Reached skill level 1 in Spellcasting
  1272 | D:2      | Reached XP level 3. HP: 21/28 MP: 4/4
  1299 | D:2      | Slain by a goblin

Illustrated notes

Levels and vault maps discovered:
D:1:      saegor_arrival_simple_b, layout_loops_ring,
          chequers_ecumenical_altar_simple_redux
D:2:      layout_loops_ring, basic_altar, serial_bayou_pond_d,
          chequers_big_river, uniq_robin

Skill      XL: |  1  2 |
---------------+-------+-----
Stealth        | 1 |  1.4
Maces & Flails | 1 |  1.1
Spellcasting   | 1 |  1.2
Fighting       | |  1.5
Dodging        | |  2.3
Evocations     | |  3.1

Action                   || total
-------------------------++-------
Melee: Mace              ||    74
       Hand axe          ||     8
       Tailslap          ||    10
       Club              ||     4
Evoke: Wand              ||     3
 Stab: Sleeping          ||     4
Armor: Skin              ||    26
Dodge: Dodged            ||    54
